 Dungeon Crawl Stone Soup version 0.31.0-9-g3a7656b989 (webtiles) character file.

Game seed: 10026206683362183244

456 Killerpretzel the Digger (level 7, 0/36 HPs)
             Began as a Gargoyle Earth Elementalist on Jan 26, 2024.
             Slain by a gnoll sergeant
             ... wielding a +0 spear
              (11 damage)
             ... on level 5 of the Dungeon.
             The game lasted 00:21:17 (5208 turns).

Killerpretzel the Digger (GrEE)                     Turns: 5208, Time: 00:21:18

Health: 0/36       AC:  8    Str: 16      XL:     7   Next: 6%
Magic:  0/13       EV: 11    Int: 16 (17) God:
Gold:   353        SH:  0    Dex:  8 (10) Spells: 13/14 levels left

rFire   . . .        t - +4 broad axe "Yxer" {flame, Str+4}
rCold   . . .        (no shield)
rNeg    + . .        a - +0 robe
rPois   ∞            e - +0 helmet
rElec   +            (no cloak)
rCorr   .            l - +0 pair of gloves
SInv    +            (no boots)
Will    +....        (no amulet)
Stlth   ++           g - ring of willpower
HPRegen 0.26/turn    j - ring of see invisible
MPRegen 0.13/turn

%: no passive effects
@: no status effects
A: sickness immunity, AC +4, negative energy resistance 1, electricity
resistance, torment resistance 1, petrification resistance
a: no special abilities


You were on level 5 of the Dungeon.
You visited 1 branch of the dungeon, and saw 5 of its levels.

You collected 353 gold pieces.

Inventory:

Hand Weapons
 f - a +0 short sword
 t - the +4 broad axe "Yxer" (weapon) {flame, Str+4}
   (You found it on level 4 of the Dungeon)

   Str+4:     It affects your strength (+4).
 v - a +2 antimagic flail
 x - a +2 dagger of flaming
Missiles
 w - 3 boomerangs
Armour
 a - a +0 robe (worn)
 e - a +0 helmet (worn)
 l - a +0 pair of gloves (worn)
Jewellery
 g - a ring of willpower (left hand)
 j - a ring of see invisible (right hand)
 z - a +6 ring of strength
Wands
 p - a wand of roots (7)
 y - a wand of quicksilver (5)
Scrolls
 c - 2 scrolls of acquirement {unknown}
 h - 2 scrolls of silence {unknown}
 i - a scroll of enchant armour {unknown}
 n - 6 scrolls of identify {unknown}
 o - a scroll of poison {unknown}
 q - a scroll of blinking {unknown}
 r - a scroll of fog {unknown}
 s - 3 scrolls of teleportation {unknown}
 u - a scroll of enchant weapon {unknown}
Potions
 b - a potion of magic
 d - a potion of degeneration
 k - a potion of attraction {unknown}
 m - a potion of might


   Skills:
 - Level 1.9 Dodging
 - Level 2.7 Stealth
 * Level 4.1 Spellcasting
 * Level 4.2 Conjurations
 * Level 5.9 Earth Magic


You had 13 spell levels left.
You knew the following spells:

 Your Spells              Type           Power      Damage    Failure   Level
a - Sandblast             Erth           44%        2d11      1%          1

Your spell library contained the following spells:

 Spells                   Type           Power      Damage    Failure   Level
 Magic Dart               Conj           64%        1d6       3%          1
 Searing Ray              Conj           32%        2d5       4%          2
 Passwall                 Erth           22%        N/A       4%          3
 Stone Arrow              Conj/Erth      38%        3d9       6%          3
 Brom's Barrelling Bould  Conj/Erth      19%        2d4       21%         4
 Scorch                   Fire           6%         2d5       26%         2
 Petrify                  Alch/Erth      12%        N/A       43%         4
 Flame Wave               Conj/Fire      10%        2d6       56%         4
 Fulminant Prism          Conj/Alch      5%         3d7       56%         4
 Summon Cactus Giant      Summ           1%         N/A       100%        6
 Haunt                    Necr/Summ      1%         N/A       100%        7
 Borgnjor's Revivificati  Necr           1%         N/A       100%        8
 Death's Door             Necr           1%         N/A       100%        9


Dungeon Overview and Level Annotations

Branches:
Dungeon (5/15)
 Temple: D:4-7

Altars:
Fedhas

Shops:
D:3 ?

Annotations:
D:3 1 runed translucent door, paps's ghost, amateur OpSh
D:5 1 runed translucent door


Innate Abilities, Weirdness & Mutations

You are immune to sickness and miasma.
Your stone body is resilient. (AC +4)
You are immune to poison.
You resist negative energy. (rN+)
You are resistant to electric shocks. (rElec)
You are resistant to unholy torment.
You are immune to petrification.


Message History

Casting: Sandblast (safe; 1% risk of failure)
Confirm with . or Enter, or press ? or * to list all spells.
Aiming: Sandblast (safe; 1% risk of failure)
Press: ? - help, Shift-Dir - straight line, f/p - orc wizard
Aim: an orc wizard, wielding a +0 dagger and wearing a +0 robe (lightly wounded, 79% to hit)
The blast of sand hits the orc wizard.
The orc wizard is heavily wounded.
The orc wizard gestures at you while chanting.
The magic dart hits you but does no damage.
The gnoll sergeant hits you from afar with a +0 spear.
The orc wizard completely misses you.
The gnoll sergeant hits you from afar with a +0 spear.
There are monsters nearby!
Casting: Sandblast (safe; 1% risk of failure)
Confirm with . or Enter, or press ? or * to list all spells.
Aiming: Sandblast (safe; 1% risk of failure)
Press: ? - help, Shift-Dir - straight line, f/p - orc wizard
Aim: an orc wizard, wielding a +0 dagger and wearing a +0 robe (heavily wounded, 79% to hit)
The blast of sand hits the orc wizard!
You kill the orc wizard!
The gnoll sergeant hits you from afar with a +0 spear!
There are monsters nearby!
Casting: Sandblast (safe; 1% risk of failure)
Confirm with . or Enter, or press ? or * to list all spells.
Aiming: Sandblast (safe; 1% risk of failure)
Press: ? - help, Shift-Dir - straight line, f - gnoll sergeant
Aim: a gnoll sergeant, wielding a +0 spear, wearing a +0 ring mail and wearing the ring of Pyfe {Fly rF+ Will+ Str+3 Dex+3} (87% to hit)
The blast of sand hits the gnoll sergeant.
The gnoll sergeant is moderately wounded.
The gnoll sergeant hits you but does no damage.
The gnoll sergeant hits you from afar with a +0 spear!
There are monsters nearby!
Casting: Sandblast (safe; 1% risk of failure)
Confirm with . or Enter, or press ? or * to list all spells.
You don't have enough magic to cast this spell.
The gnoll sergeant attacks as it pursues you!
The gnoll sergeant misses you.
The gnoll sergeant attacks as it pursues you!
The gnoll sergeant hits you from afar with a +0 spear!
You die...

...####.##..## ##.....###........
.#...........###.#####>#.#.####)#
###...........#.............###.#
.#.####.##.###.#.##.............#
#..# #........#.##.###.##..###.#
#..#######.#####.##.# #.##..###.#
..................#.###.÷.......#
#..######.######.........<..###.#
#....# #.# #@##.#####.#.###.#
..##.# #.# #.##.# #.#...>..
..##<####.# #g##.# #.#####.#
..........# #)##.# #.#####.#
.###.###########o###### #..).....
.# #.# #......gog......#........
## #># #...o..g........########.
#.# #...g#######.... #. #.#
#.og.# ... .


You could see a gnoll sergeant, 3 gnolls and 2 orcs.

Vanquished Creatures
  A scorpion (D:4)
  2 orc priests (D:4)
  A jelly (D:5)
  2 orc wizards
  6 gnolls
  4 adders
  2 ufetubi (D:5)
  6 dart slugs
  A ribbon worm (D:2)
  16 orcs
  6 bats
  7 endoplasms
  10 giant cockroaches
  7 goblins
  6 hobgoblins
  9 jackals
  11 kobolds
  7 quokkas
  13 ball pythons
  7 frilled lizards
  4 rats
128 creatures vanquished.

Notes
Turn   | Place    | Note
-------+----------+-------------------------------------------
     0 | D:1      | Killerpretzel the Gargoyle Earth Elementalist began the
                  | quest for the Orb.
     0 | D:1      | Reached XP level 1. HP: 10/10 MP: 3/3
   140 | D:1      | Reached XP level 2. HP: 15/15 MP: 0/5
   704 | D:1      | Reached XP level 3. HP: 19/19 MP: 3/6
   769 | D:1      | Found a faded altar of an unknown god.
   783 | D:1      | Reached skill level 4 in Earth Magic
  1638 | D:2      | Reached XP level 4. HP: 24/24 MP: 4/7
  2279 | D:3      | Found Sorrui's Magic Scroll Boutique.
  2541 | D:3      | Found a runed translucent door.
  2575 | D:3      | Reached XP level 5. HP: 21/28 MP: 2/9
  2904 | D:3      | Noticed paps's ghost (amateur OpSh)
  3479 | D:4      | Reached skill level 5 in Earth Magic
  3572 | D:4      | Identified the +4 broad axe "Yxer" {flame, Str+4}
  3602 | D:4      | Reached XP level 6. HP: 10/32 MP: 5/11
  3605 | D:4      | HP: 1/32 [gnoll/+0 club (3)]
  4790 | D:4      | Found a blossoming altar of Fedhas.
  4922 | D:5      | Entered Level 5 of the Dungeon
  5185 | D:5      | Identified the ring of Pyfe {Fly rF+ Will+ Str+3 Dex+3}
  5186 | D:5      | Found a runed translucent door.
  5200 | D:5      | Reached XP level 7. HP: 36/36 MP: 6/13
  5208 | D:5      | Slain by a gnoll sergeant

Illustrated notes

Levels and vault maps discovered:
D:1:      heliophobic_arrival_enchanted_forest, layout_loops_ring,
          basic_ecumenical_altar
D:2:      layout_basic, kennysheep_generic_room_3
D:3:      minmay_roachtagon, layout_loops_ring, serial_shops,
          nicolae_shop_tiny_waterfront, ebering_ghost_reflecting_pool,
          grunt_ministairs_13, minmay_starry_boxes
D:4:      layout_basic, mainiacjoe_overflow_alcove_4, dk_rats_in_the_wall
D:5:      lemuel_insect_pit, layout_loops_ring,
          grunt_temple_overflow_order_and_chaos_1, hellmonk_no_cap,
          uniq_menkaure

Skill      XL: |  1  2  3  4  5  6 |
---------------+-------------------+-----
Earth Magic    | 4 5 |  5.9
Conjurations   | 2 3 4 |  4.2
Spellcasting   | 3 4 |  4.1
Dodging        | |  1.9
Stealth        | |  2.7

Action                     |  1- 3 |  4- 6 |  7- 9 || total
---------------------------+-------+-------+-------++-------
  Melee: Unarmed           |     3 |       |       ||     3
         Short sword       |     8 |    12 |       ||    20
   Cast: Sandblast         |    64 |   153 |     7 ||   224
    Use: Potion            |       |     4 |       ||     4
 Armour: Robe              |    13 |    77 |    12 ||   102
  Dodge: Dodged            |    24 |    54 |     6 ||    84
